 Dungeon Crawl Stone Soup version 0.24-a0-417-g1cce26a4d2 (webtiles) character file.

Game seed: 8823812673140899866

12342 Gargoyl the Cleaver (level 11, -3/93 HPs)
             Began as a Centaur Abyssal Knight on June 10, 2019.
             Was a High Priest of Lugonu.
             Slain by Gynju's ghost (22 damage)
             ... on level 11 of the Dungeon.
             The game lasted 00:24:55 (18177 turns).

Gargoyl the Cleaver (Centaur Abyssal Knight)       Turns: 18177, Time: 00:24:55

Health: -3/93      AC: 20    Str: 16      XL:     11   Next: 61%
Magic:  3/15       EV:  6    Int:  9 (11) God:    Lugonu [*****.]
Gold:   563        SH:  3    Dex: 11      Spells: 10/10 levels left

rFire    + . .     SeeInvis .   G - +0 war axe (freeze)
rCold    . . .     Gourm    .   C - +0 buckler
rNeg     + . .     Faith    .   t - +2 chain mail {rF+}
rPois    .         Spirit   .   u - +0 helmet
rElec    .         Reflect  .   l - +2 cloak
rCorr    .         Harm     .   w - +0 pair of gloves
MR       +....                  (no barding)
Stlth    ..........             (no amulet)
HPRegen  0.65/turn              p - ring of protection from magic
MPRegen  0.14/turn              B - ring of positive energy

@: lightly drained, very quick
A: large, hooves 3, rugged brown scales 1, deformed body, speed 2, low mp 1,
regeneration 1, shaggy fur 1, tough skin 3
a: Depart the Abyss, Bend Space, Banish, Corrupt, Enter the Abyss, Renounce
Religion


You were on level 11 of the Dungeon.
You worshipped Lugonu.
Lugonu was extremely pleased with you.
You were hungry.

You visited 1 branch of the dungeon, and saw 11 of its levels.
You visited the Abyss 1 time.

You collected 563 gold pieces.

Inventory:

Hand Weapons
 a - a +2 hand axe
 G - a +0 war axe of freezing (weapon)
Missiles
 e - 18 boomerangs (quivered)
Armour
 l - a +2 cloak (worn)
 t - a +2 chain mail of fire resistance (worn)
 u - a +0 helmet (worn)
 w - a +0 pair of gloves (worn)
 C - a +0 buckler (worn)
Jewellery
 n - an uncursed ring of flight
 p - a ring of protection from magic (left hand)
 q - an uncursed ring of protection from cold
 v - an uncursed ring of protection from cold
 B - a ring of positive energy (right hand)
 F - an uncursed ring of see invisible
Wands
 i - a wand of flame (36)
 r - a wand of digging (4)
 s - a wand of paralysis (12)
 A - a wand of random effects (15)
Scrolls
 g - 6 scrolls of identify
 j - a scroll of teleportation
 k - a scroll of remove curse
 o - a scroll of amnesia
 y - a scroll of blinking
 z - 2 scrolls of fear
Potions
 b - a potion of magic
 f - 3 potions of curing
 h - 2 potions of agility
 m - 2 potions of mutation
 x - 2 potions of haste
 D - a potion of brilliance
Comestibles
 c - 17 rations
 E - 5 chunks of flesh


   Skills:
 + Level 6.8(6.6) Fighting
 + Level 8.9(8.7) Axes
 + Level 0.2(0.1) Throwing
 * Level 8.4(8.2) Armour
 * Level 5.5(5.3) Dodging
 + Level 0.4(0.2) Shields
 * Level 8.4(8.2) Invocations
 + Level 0.1(0.0) Evocations


You had 10 spell levels left.
You didn't know any spells.
Your spell library contained the following spells:

 Spells                   Type           Power        Failure   Level  Hunger
 Animate Skeleton         Necr           N/A          100%        1    ##.....
 Apportation              Tloc           #.....       100%        1    ##.....
 Confusing Touch          Hex            #.....       100%        1    ##.....
 Corona                   Hex            #......      100%        1    ##.....
 Summon Small Mammal      Summ           #...         100%        1    ##.....
 Ensorcelled Hibernation  Hex/Ice        #.....       100%        2    ###....
 Confuse                  Hex            #.......     100%        3    ####...
 Dazzling Spray           Conj/Hex       #.....       100%        3    ####...
 Tukima's Dance           Hex            #.......     100%        3    ####...


Dungeon Overview and Level Annotations

Branches:
Dungeon (11/15)            Temple (0/1) D:4            Lair (0/6) D:8
    Orc: D:9-12

Altars:
Elyvilon
Fedhas
Nemelex Xobeh
Qazlal
Ru
Uskayaw
Vehumet
The Shining One

Shops:
D:5 ?

Annotations:
D:11 Gynju's ghost, journeyman MiFi


Innate Abilities, Weirdness & Mutations

You have hooves in place of feet.
Armour fits poorly on your strangely shaped body.
You cover ground very quickly.
You have extremely tough skin. (AC +3)
You are partially covered in rugged brown scales. (AC +1, +3% HP)
Your magical capacity is low. (-10% MP)
Your natural rate of healing is unusually fast.
You are covered in fur. (AC +1)


Message History

* * * LOW HITPOINT WARNING * * *
You feel much better.
Gynju's ghost hits you but does no damage.
Press: ? - help, Shift-Dir - straight line, f/p - Gynju's ghost
Aim: Gynju's ghost (lightly damaged, chance to defeat MR: 45%) Gynju's ghost resists with some effort.
You feel somewhat more hungry. Gynju's ghost barely misses you.
Press: ? - help, Shift-Dir - straight line, f/p - Gynju's ghost
Aim: Gynju's ghost (lightly damaged, chance to defeat MR: 45%) Gynju's ghost resists with some effort.
You feel somewhat more hungry. Gynju's ghost hits you!
* * * LOW HITPOINT WARNING * * *
Press: ? - help, Shift-Dir - straight line, f/p - Gynju's ghost
Aim: Gynju's ghost (lightly damaged, chance to defeat MR: 45%) Gynju's ghost resists with some effort.
You are feeling hungry.
Gynju's ghost hits you!!
* * * LOW HITPOINT WARNING * * *
You feel much better. Gynju's ghost hits you!!
You die...

#..###############..#
#############...................#
....................#####........
..................###...###......
.##############...#.......##.####
.# #...#...#.#..#.# # .#
#...#...#.#..#.# # .#
#..##.#.....##)####
.##############.@#.#§..#$[#......
...............)W#...#©.=:#©.....
...............))##5....#?#..#...
.................©#3#...#.##.#...
.......).........##.5##.#..#.#...
.................#©..#...#.#.#...
.................##....#..##.....
..................##......#......
...............##..#####.##.###..


You could see Gynju's ghost.

Vanquished Creatures
  Josephine (D:9)
  Harold (D:7)
  Nergalle (D:10)
  Pikel (D:6)
  Psyche (D:10)
  2 hippogriffs
  6 wraiths
  A neqoxec (D:11)
  The ghost of demivan the Skirmisher, an amateur HOFi (D:3)
  A hungry ghost (D:7)
  A yak (D:8)
  A steam dragon (D:11)
  3 vampire mosquitoes (D:11)
  A water moccasin (D:7)
  3 porcupines (D:8)
  Duvessa (D:7)
  5 orc warriors
  2 sky beasts
  2 phantoms
  A slave (D:7)
  7 ogres
  2 necrophages
  2 centaurs (D:10)
  A crocodile (D:7)
  3 big kobolds
  A gnoll sergeant (D:9)
  13 bullfrogs
  Dowan (D:7)
  A water moccasin skeleton (D:8)
  5 scorpions
  4 killer bees
  13 wights
  4 crimson imps
  4 quasits
  3 jellies
  6 orc priests
  Crazy Yiuf (D:2)
  2 bullfrog skeletons
  2 centaur skeletons
  4 hounds
  18 orc wizards
  Jessica (D:2)
  3 iguanas
  Ijyb (D:3)
  Natasha (thrice) (D:2)
  9 worker ants
  A worker ant zombie (D:10)
  Robin (D:3)
  12 gnolls
  11 adders
  3 shadow imps
  2 adder skeletons
  4 adder zombies
  3 worms
  A dart slug (D:1)
  8 leopard geckos
  43 orcs
  3 giant cockroaches
  12 goblins
  13 hobgoblins
  7 jackals
  3 quokkas
  A ball python (D:3)
  A ball python zombie (D:3)
  9 bats
  A frilled lizard (D:5)
  A giant cockroach zombie (D:6)
  2 jackal skeletons
  A jackal zombie (D:8)
  11 kobolds
  A leopard gecko skeleton (D:9)
  A quokka skeleton (D:6)
  A quokka zombie (D:6)
  7 rats
314 creatures vanquished.

Vanquished Creatures (others)
  A two-headed ogre (D:4)
  A troll (D:10)
  An orc warrior (D:7)
  A crimson imp (D:7)
  18 fungi (D:8)
  3 plants
25 creatures vanquished.

Grand Total: 339 creatures vanquished

Notes
Turn   | Place    | Note
-------+----------+-------------------------------------------
     0 | Abyss:1  | Gargoyl the Centaur Abyssal Knight began the quest for the
                  | Orb.
     0 | Abyss:1  | Reached XP level 1. HP: 19/19 MP: 2/2
    63 | Abyss:2  | Noticed a large abomination
    64 | D:1      | Escaped the Abyss
   122 | D:1      | Reached * piety under Lugonu
   212 | D:1      | Reached XP level 2. HP: 24/26 MP: 3/3
   389 | D:1      | Reached skill level 1 in Dodging
  1107 | D:2      | Reached XP level 3. HP: 31/31 MP: 4/4
  1463 | D:2      | Noticed Jessica
  1473 | D:2      | Killed Jessica
  1597 | D:2      | Reached ** piety under Lugonu
  1635 | D:2      | Reached XP level 4. HP: 28/38 MP: 5/5
  1771 | D:2      | Found a runed translucent door.
  1772 | D:2      | Noticed Crazy Yiuf
  1999 | D:2      | Noticed Natasha
  2012 | D:2      | Killed Natasha
  2092 | D:2      | Noticed Natasha
  2103 | D:2      | Killed Natasha
  2231 | D:2      | Noticed Natasha
  2255 | D:2      | Killed Natasha
  2255 | D:2      | Reached XP level 5. HP: 29/45 MP: 5/7
  2757 | D:2      | Gained mutation: Your spells are a little harder to cast,
                  | but a little more powerful. [potion of mutation]
  2757 | D:2      | Gained mutation: You are partially covered in molten
                  | scales. (AC +2) [potion of mutation]
  2762 | D:2      | Killed Crazy Yiuf
  3051 | D:3      | Noticed Robin
  3053 | D:3      | Noticed Ijyb
  3073 | D:3      | Killed Robin
  3090 | D:3      | Killed Ijyb
  3205 | D:3      | Found a sparkling altar of Nemelex Xobeh.
  3231 | D:3      | Reached XP level 6. HP: 52/52 MP: 8/8
  3340 | D:3      | Found a runed translucent door.
  3355 | D:3      | Reached *** piety under Lugonu
  3376 | D:3      | Noticed demivan's ghost (amateur HOFi)
  4100 | D:3      | Killed demivan's ghost
  4414 | D:4      | Reached XP level 7. HP: 48/58 MP: 9/9
  5181 | D:4      | Reached XP level 8. HP: 36/66 MP: 11/11
  5495 | D:4      | Found a staircase to the Ecumenical Temple.
  5599 | D:4      | Noticed a two-headed ogre
  5615 | D:4      | Banished a two-headed ogre
  5615 | D:4      | Reached skill level 5 in Axes
  5615 | D:4      | Reached skill level 5 in Invocations
  5772 | D:4      | Found a sparkling altar of Nemelex Xobeh.
  5979 | D:5      | Entered Level 5 of the Dungeon
  6186 | D:5      | Found Anih's Magic Scroll Shop.
  7060 | D:5      | Found a radiant altar of Vehumet.
  7061 | D:5      | Found a white marble altar of Elyvilon.
  7241 | D:7      | Reached skill level 5 in Armour
  7241 | D:7      | Reached XP level 9. HP: 26/73 MP: 13/13
  7480 | D:7      | Reached skill level 5 in Fighting
  8118 | D:6      | Reached **** piety under Lugonu
  9606 | D:7      | HP: 3/74 [orc warrior/+0 halberd (11)]
 10383 | D:7      | Noticed Pikel
 10591 | D:6      | Killed Pikel
 10781 | D:7      | Found a sacrificial altar of Ru.
 10783 | D:7      | Found a glowing golden altar of the Shining One.
 10792 | D:7      | Noticed Dowan
 10792 | D:7      | Noticed Duvessa
 10814 | D:7      | Killed Dowan
 10814 | D:7      | Reached XP level 10. HP: 72/81 MP: 15/15
 10829 | D:7      | Killed Duvessa
 11648 | D:8      | Noticed Harold
 11952 | D:7      | Killed Harold
 12339 | D:8      | Reached ***** piety under Lugonu
 12445 | D:8      | Found a staircase to the Lair.
 13275 | D:9      | Found a stormy altar of Qazlal.
 13282 | D:9      | Found a blossoming altar of Fedhas.
 14408 | D:9      | Found a hide-covered altar of Uskayaw.
 14426 | D:10     | Entered Level 10 of the Dungeon
 14504 | D:10     | Reached XP level 11. HP: 53/88 MP: 16/16
 14718 | D:10     | Noticed Nergalle
 14744 | D:10     | Killed Nergalle
 14882 | D:10     | Reached skill level 5 in Dodging
 15502 | D:10     | Noticed Josephine
 15740 | D:9      | Killed Josephine
 16899 | D:10     | Noticed Psyche
 16912 | D:10     | Killed Psyche
 17863 | D:11     | Lost mutation: You are partially covered in molten scales.
                  | (AC +2) [potion of mutation]
 17863 | D:11     | Lost mutation: Your spells are a little harder to cast, but
                  | a little more powerful. [potion of mutation]
 17863 | D:11     | Gained mutation: You are partially covered in rugged brown
                  | scales. (AC +1, +3% HP) [potion of mutation]
 17863 | D:11     | Gained mutation: Your magical capacity is low. (-10% MP)
                  | [potion of mutation]
 17863 | D:11     | Gained mutation: Your natural rate of healing is unusually
                  | fast. [potion of mutation]
 17897 | D:11     | Found a transporter.
 17902 | D:11     | Noticed Gynju's ghost (journeyman MiFi)
 17967 | D:11     | Found a transporter.
 17976 | D:11     | Gained mutation: You are covered in fur. (AC +1) [a
                  | neqoxec]
 18176 | D:11     | HP: 1/93 [Gynju's ghost (22)]
 18177 | D:11     | Slain by Gynju's ghost

Levels and vault maps discovered:
D:1:      minmay_arrival_split_and_join, layout_loops_ring
D:2:      layout_loops_ring, kennysheep_generic_room_7, uniq_natasha,
          uniq_jessica, uniq_crazy_yiuf_cottage
D:3:      layout_basic, ebering_ghost_sewer_d, nemelex_spade_bored_becter,
          uniq_robin, uniq_ijyb
D:4:      layout_rooms, nicolae_overflow_hidden_temple,
          minmay_temple_entry_arrows, hangedman_decor_push, minmay_misc_feat_iff
D:5:      layout_rooms, gammafunk_temple_overflow_statue, serial_shops, shop,
          first_ration, guppyfry_early_orc_mine
D:6:      layout_loops_ring, minmay_misc_feat_pillars
D:7:      layout_basic, gammafunk_temple_overflow_wave, uniq_duvessa, uniq_pikel
D:8:      layout_basic, due_lair_maze_entry_diamond, uniq_harold
D:9:      layout_irregular_city, grunt_temple_overflow_forces_of_nature,
          lemuel_coloured_pillars_altar, blue_anna_alchemist
          [blue_anna_fruit_fields, blue_anna_fruit_fields],
          minmay_misc_feat_more_columns
D:10:     layout_loops_corners, minmay_bent, uniq_nergalle, uniq_josephine,
          uniq_psyche
D:11:     layout_long_grid, gammafunk_ghost_stat_death

Skill      XL: |  1  2  3  4  5  6  7  8  9 10 11 |
---------------+----------------------------------+-----
Axes           | 2 3 4 5 6 8 |  8.9
Dodging        | 1 2 3 4 5 |  5.5
Armour         | 2 3 4 5 6 7 8 |  8.4
Invocations    | 3 4 5 6 7 8 |  8.4
Fighting       | 4 5 6 |  6.8
Throwing       | |  0.2
Shields        | |  0.4
Evocations     | |  0.1

Action                   |  1- 3 |  4- 6 |  7- 9 | 10-12 || total
-------------------------+-------+-------+-------+-------++-------
Melee: Hand axe          |    99 |   222 |   638 |   661 ||  1620
       Kick              |    14 |    50 |   153 |   195 ||   412
       War axe           |       |       |       |   115 ||   115
Throw: Boomerang         |       |       |       |     8 ||     8
Invok: Depart the Abyss  |     1 |       |       |       ||     1
       Banish            |       |       |     4 |     4 ||     8
       Bend Space        |       |       |     2 |     1 ||     3
Evoke: Wand              |       |       |     3 |       ||     3
  Use: Potion            |     1 |     9 |     4 |     6 ||    20
       Scroll            |     3 |     4 |     8 |     8 ||    23
  Eat: Chunk             |     1 |     5 |    11 |    13 ||    30
       Ration            |       |     1 |     4 |     3 ||     8
Armor: Leather armour    |     8 |       |       |       ||     8
       Ring mail         |    34 |    73 |       |       ||   107
       Chain mail        |       |    85 |   430 |   694 ||  1209
       Skin              |       |       |     9 |       ||     9
Dodge: Dodged            |    52 |    98 |   189 |   270 ||   609
Block: Buckler           |       |       |       |    57 ||    57

Table legend:
 A = Non-vault XP
 B = Vault XP
 C = Vault XP percentage of total XP
 D = Non-vault monster count
 E = Vault monster count
 F = Vault count percentage of total count
                 A         B        C        D         E       F
            +---------+---------+-------+---------+---------+-------
      Total |    9726 |    7906 |  44.8 |     255 |      61 |  19.3
            +---------+---------+-------+---------+---------+-------
        D:1 |      43 |       0 |   0.0 |      25 |       0 |   0.0
        D:2 |     109 |     132 |  54.8 |      18 |       5 |  21.7
        D:3 |     308 |     380 |  55.2 |      21 |      16 |  43.2
        D:4 |    1104 |       0 |   0.0 |      24 |       0 |   0.0
        D:5 |     363 |     228 |  38.6 |      16 |       7 |  30.4
        D:6 |    1059 |     629 |  37.3 |      32 |       1 |   3.0
        D:7 |    1219 |    1276 |  51.1 |      25 |       4 |  13.8
        D:8 |    1166 |    1194 |  50.6 |      22 |       9 |  29.0
        D:9 |    1211 |    1330 |  52.3 |      28 |       3 |   9.7
       D:10 |    1664 |    2399 |  59.0 |      24 |      12 |  33.3
       D:11 |    1480 |     338 |  18.6 |      20 |       4 |  16.7
            +---------+---------+-------+---------+---------+-------
